APP
MIAMI (APP) MARLINS @ GRAND JUNCTION ROCKIES
09/30/2045
 
TOP OF THE 1ST
Miami (APP) Marlins batting - Pitching for Grand Junction Rockies : RHP Don Boudreau
Pitching: RHP Don Boudreau
Batting: RHB Erik Coleman 0-0: Ball
1-0: Ground out 6-3 (Groundball, 6, EV 103.8 MPH)
Batting: LHB Angelo Estrella 0-0: Ball
1-0: Foul Ball, location: 2F
1-1: SINGLE (Groundball, 6MD, EV 100.0 MPH)
Batting: RHB Dale Young 0-0: Ball
1-0: Fly out, F9 (Flyball, 9, EV 97.5 MPH)
Batting: RHB Isaiah Brockman 0-0: Ball
1-0: Called Strike
1-1: Ground out U3 (Groundball, 23, EV 88.1 MPH)
Top of the 1st over - 0 runs, 1 hit, 0 errors, 1 left on base; Miami (APP) 0 - Grand Junction 0
BOTTOM OF THE 1ST
Grand Junction Rockies batting - Pitching for Miami (APP) Marlins : RHP Jorge Lara
Pitching: RHP Jorge Lara
Batting: LHB Steve Gilliam 0-0: Ball
1-0: Swinging Strike
1-1: SINGLE (Flyball, 34D, EV 90.0 MPH)
Batting: RHB Henry Alvizo 0-0: Ball
Steve Gilliam steals 2nd base
1-0: Ball
2-0: 2-RUN HOME RUN (Flyball, 9LD, EV 96.2 MPH), Distance : 356 ft
Batting: SHB Bobby Santor 0-0: Called Strike
0-1: Foul Ball, location: 2F
0-2: Foul Ball, location: 2F
0-2: Ball
1-2: Ball
2-2: Fly out, F8 (Flyball, 78D, EV 96.2 MPH)
Batting: RHB John Boyer 0-0: Called Strike
0-1: Fly out, F8 (Flyball, 8LM, EV 94.4 MPH)
Batting: RHB Ryan Rinaldi 0-0: Ball
1-0: Ball
2-0: Ball
3-0: Base on Balls
Pitching: LHP Nick Gore
Batting: RHB Willis Morales 0-0: Called Strike
0-1: Ball
1-1: Fly out, F3 (Popup, 3SF, EV 86.2 MPH)
Bottom of the 1st over - 2 runs, 2 hits, 0 errors, 1 left on base; Miami (APP) 0 - Grand Junction 2
TOP OF THE 2ND
Miami (APP) Marlins batting - Pitching for Grand Junction Rockies : RHP Don Boudreau
Batting: LHB Adam Durgin 0-0: Foul Ball, location: 2F
0-1: Ball
1-1: Ball
2-1: Ball
3-1: Foul Ball, location: 2F
3-2: Fly out, F7 (Flyball, 7LM, EV 83.1 MPH)
Batting: RHB Larry LeFever 0-0: Ball
1-0: Called Strike
1-1: SINGLE (Groundball, 5S, EV 63.8 MPH) (infield hit)
Batting: LHB Justin Blakely 0-0: Ball
1-0: Called Strike
1-1: Swinging Strike
1-2: Strikes out swinging
Batting: RHB Axel Moltke 0-0: Foul Ball, location: 2F
0-1: Ball
1-1: Ball
2-1: 2-RUN HOME RUN (Flyball, 89XD, EV 96.2 MPH) (Inside the Park)
Batting: RHB Calvin Morin 0-0: Ground out 4-3 (Groundball, 4M, EV 95.0 MPH)
Top of the 2nd over - 2 runs, 2 hits, 0 errors, 0 left on base; Miami (APP) 2 - Grand Junction 2
BOTTOM OF THE 2ND
Grand Junction Rockies batting - Pitching for Miami (APP) Marlins : LHP Nick Gore
Batting: LHB Zack Guillen 0-0: Ball
1-0: Foul Ball, location: 2F
1-1: Foul Ball, location: 2F
1-2: Ball
2-2: Ball
3-2: SOLO HOME RUN (Flyball, 9D, EV 106.9 MPH), Distance : 428 ft
Batting: RHB Juan Figueroa 0-0: Called Strike
0-1: Foul Ball, location: 2F
0-2: Foul Ball, location: 2F
0-2: DOUBLE (Groundball, 5L, EV 103.8 MPH)
Batting: RHB Yamashita Yagi 0-0: Foul Ball, location: 2F
0-1: Ball
1-1: Foul Ball, location: 2F
1-2: Ball
2-2: Ball
3-2: Foul Ball, location: 2F
3-2: Base on Balls
Pitching: LHP Melvin Castro
Batting: LHB Steve Gilliam 0-0: TRIPLE (Line Drive, 9D, EV 108.8 MPH)
Juan Figueroa scores
Yamashita Yagi scores
Batting: RHB Henry Alvizo 0-0: Called Strike
0-1: Called Strike
0-2: Ground out 5-3 (Groundball, 5, EV 87.5 MPH)
Batting: SHB Bobby Santor 0-0: Ball
1-0: Ball
2-0: Swinging Strike
2-1: 2-RUN HOME RUN (Flyball, 7LD, EV 96.9 MPH), Distance : 343 ft
Batting: RHB John Boyer 0-0: Ball
1-0: Ball
2-0: Ball
3-0: Base on Balls
Batting: RHB Ryan Rinaldi 0-0: Ball
1-0: Ball
2-0: Ball
3-0: Base on Balls
John Boyer to second
Batting: RHB Willis Morales 0-0: Called Strike
0-1: Ball
1-1: Ball
2-1: Ball
3-1: Base on Balls
John Boyer to third
Ryan Rinaldi to second
Batting: LHB Zack Guillen 0-0: Ball
1-0: Called Strike
1-1: Called Strike
1-2: Ball
2-2: Ball
3-2: Strikes out swinging
Batting: RHB Juan Figueroa 0-0: Called Strike
0-1: GRAND SLAM HOME RUN (Line Drive, 7D, EV 98.8 MPH), Distance : 387 ft
Batting: RHB Yamashita Yagi 0-0: Ball
1-0: Ball
2-0: Called Strike
2-1: Swinging Strike
2-2: Foul Ball, location: 2F
2-2: Ball
3-2: Base on Balls
Batting: LHB Steve Gilliam 0-0: SINGLE (Groundball, 4MS, EV 68.1 MPH) (infield hit)
Yamashita Yagi to second
Batting: RHB Henry Alvizo 0-0: Ball
1-0: Ball
2-0: Called Strike
2-1: Ball
3-1: Called Strike
3-2: Base on Balls
Yamashita Yagi to third
Steve Gilliam to second
Batting: SHB Bobby Santor 0-0: Foul Ball, location: 2F
0-1: Ball
1-1: Foul Ball, location: 2F
1-2: Ball
2-2: GRAND SLAM HOME RUN (Line Drive, 9LD, EV 98.8 MPH), Distance : 364 ft
Pitching: RHP Tony Ledezma
Batting: RHB John Boyer 0-0: Called Strike
0-1: Fly out, F9 (Flyball, 9LS, EV 76.9 MPH)
Bottom of the 2nd over - 13 runs, 7 hits, 0 errors, 0 left on base; Miami (APP) 2 - Grand Junction 15
TOP OF THE 3RD
Miami (APP) Marlins batting - Pitching for Grand Junction Rockies : RHP Don Boudreau
Batting: RHB Erik Coleman 0-0: Called Strike
0-1: Ball
1-1: Foul Ball, location: 2F
1-2: Ball
2-2: Ground out 1-3 (Groundball, 13S, EV 72.5 MPH)
Batting: LHB Angelo Estrella 0-0: Called Strike
0-1: Ball
1-1: Foul Ball, location: 2F
1-2: Ground out 5-3 (Groundball, 56S, EV 83.1 MPH)
Batting: RHB Dale Young 0-0: Ball
1-0: Swinging Strike
1-1: Ball
2-1: Ball
3-1: Swinging Strike
3-2: Base on Balls
Batting: RHB Isaiah Brockman 0-0: Called Strike
0-1: Foul Ball, location: 2F
0-2: Foul Ball, location: 2F
0-2: Strikes out looking
Top of the 3rd over - 0 runs, 0 hits, 0 errors, 1 left on base; Miami (APP) 2 - Grand Junction 15
BOTTOM OF THE 3RD
Grand Junction Rockies batting - Pitching for Miami (APP) Marlins : RHP Tony Ledezma
Batting: RHB Ryan Rinaldi 0-0: Fly out, F7 (Line Drive, 7, EV 93.8 MPH)
Batting: RHB Willis Morales 0-0: SINGLE (Groundball, 56, EV 95.0 MPH)
Batting: LHB Zack Guillen 0-0: Foul Ball, location: 2F
0-1: Foul Ball, location: 2F
0-2: Reached on error, E6 (Groundball, 56, EV 105.0 MPH)
Willis Morales to second
Batting: RHB Juan Figueroa 0-0: Ball
1-0: Ball
2-0: Ball
Passed Ball!
Willis Morales to third
Zack Guillen to second
3-0: Base on Balls
Batting: RHB Yamashita Yagi 0-0: Ball
1-0: SINGLE (Line Drive, 4MD, EV 96.9 MPH)
Willis Morales scores
Zack Guillen to third
Juan Figueroa to second
Batting: LHB Steve Gilliam 0-0: Fly out, F8 (Line Drive, 8LD, EV 93.1 MPH)
Runner from 3rd tags up, OUT at HOME! 8-2
Bottom of the 3rd over - 1 run, 2 hits, 1 error, 2 left on base; Miami (APP) 2 - Grand Junction 16
TOP OF THE 4TH
Miami (APP) Marlins batting - Pitching for Grand Junction Rockies : RHP Don Boudreau
Batting: LHB Adam Durgin 0-0: Called Strike
0-1: Foul Ball, location: 2F
0-2: Ball
1-2: Strikes out swinging
Batting: RHB Larry LeFever 0-0: Foul Ball, location: 2F
0-1: Ball
1-1: Ball
2-1: Foul Ball, location: 2F
2-2: Foul Ball, location: 2F
2-2: Foul Ball, location: 2F
2-2: Ball
3-2: Base on Balls
Batting: LHB Justin Blakely 0-0: Called Strike
0-1: Called Strike
0-2: Strikes out swinging
Batting: RHB Axel Moltke 0-0: Ball
1-0: Foul Ball, location: 2F
1-1: Swinging Strike
1-2: Strikes out looking
Top of the 4th over - 0 runs, 0 hits, 0 errors, 1 left on base; Miami (APP) 2 - Grand Junction 16
BOTTOM OF THE 4TH
Grand Junction Rockies batting - Pitching for Miami (APP) Marlins : RHP Tony Ledezma
Batting: RHB Henry Alvizo 0-0: Foul Ball, location: 2F
0-1: Ball
1-1: Foul Ball, location: 2F
1-2: Fly out, F3 (Popup, 3, EV 73.1 MPH)
Batting: SHB Bobby Santor 0-0: Swinging Strike
0-1: Ball
1-1: Ball
2-1: Foul Ball, location: 2F
2-2: Ball
3-2: Foul Ball, location: 2F
3-2: Foul Ball, location: 2F
3-2: Base on Balls
Batting: RHB John Boyer 0-0: Ball
1-0: Called Strike
1-1: Foul Ball, location: 2F
1-2: Ball
2-2: SINGLE (Flyball, 56D, EV 87.5 MPH)
Bobby Santor to second
Batting: RHB Ryan Rinaldi 0-0: Called Strike
0-1: Ball
1-1: Ball
2-1: Ball
3-1: Foul Ball, location: 2F
3-2: Foul Ball, location: 2F
3-2: Fly out, F7 (Flyball, 78S, EV 91.2 MPH)
Batting: RHB Willis Morales 0-0: Ball
1-0: Called Strike
1-1: DOUBLE (Flyball, 8RXD, EV 98.1 MPH)
Bobby Santor scores
John Boyer to third
Pitching: RHP Mario Cota
Batting: LHB Zack Guillen 0-0: Ball
1-0: Called Strike
1-1: Swinging Strike
1-2: Strikes out swinging
Bottom of the 4th over - 1 run, 2 hits, 0 errors, 2 left on base; Miami (APP) 2 - Grand Junction 17
TOP OF THE 5TH
Miami (APP) Marlins batting - Pitching for Grand Junction Rockies : RHP Don Boudreau
Batting: RHB Calvin Morin 0-0: Called Strike
0-1: Swinging Strike
0-2: Strikes out looking
Batting: RHB Erik Coleman 0-0: Ball
1-0: Called Strike
1-1: Ball
2-1: Called Strike
2-2: Fly out, F4 (Flyball, 34D, EV 83.8 MPH)
Batting: LHB Angelo Estrella 0-0: Ball
1-0: Ball
2-0: Foul Ball, location: 2F
2-1: Foul Ball, location: 2F
2-2: Ball
3-2: Ground out 1-3 (Groundball, 13S, EV 67.5 MPH)
Top of the 5th over - 0 runs, 0 hits, 0 errors, 0 left on base; Miami (APP) 2 - Grand Junction 17
BOTTOM OF THE 5TH
Grand Junction Rockies batting - Pitching for Miami (APP) Marlins : RHP Mario Cota
Batting: RHB Juan Figueroa 0-0: Called Strike
0-1: Ball
1-1: Swinging Strike
1-2: Ball
2-2: Ball
3-2: Base on Balls
Batting: RHB Yamashita Yagi 0-0: Ball
1-0: SINGLE (Groundball, 6MD, EV 101.9 MPH)
Juan Figueroa to second
Batting: LHB Steve Gilliam 0-0: Ball
1-0: Foul Ball, location: 2F
1-1: Ball
2-1: Ball
3-1: Swinging Strike
3-2: Base on Balls
Juan Figueroa to third
Yamashita Yagi to second
Batting: RHB Henry Alvizo 0-0: Swinging Strike
0-1: Called Strike
0-2: Ball
1-2: Fielders Choice at 2nd, 4-6 (Groundball, 4, EV 83.8 MPH)
Juan Figueroa scores
Yamashita Yagi to third
Batting: SHB Bobby Santor 0-0: Ball
1-0: Foul Ball, location: 2F
1-1: Ball
2-1: Ball
3-1: Base on Balls
Henry Alvizo to second
Batting: RHB John Boyer 0-0: Ball
1-0: Foul Ball, location: 2F
1-1: Ball
2-1: Foul Ball, location: 2F
2-2: Strikes out swinging
Batting: RHB Ryan Rinaldi 0-0: Called Strike
0-1: Called Strike
0-2: Foul Ball, location: 2F
0-2: Ball
Wild Pitch!
Yamashita Yagi scores
Henry Alvizo to third
Bobby Santor to second
1-2: Foul Ball, location: 2F
1-2: 3-RUN HOME RUN (Line Drive, 7D, EV 105.0 MPH), Distance : 396 ft
Pitching: RHP Rick Knoblauch
Batting: RHB Willis Morales 0-0: Swinging Strike
0-1: Ball
1-1: Ball
2-1: Swinging Strike
2-2: Foul Ball, location: 2F
2-2: Ball
3-2: Foul Ball, location: 2F
3-2: Foul Ball, location: 2F
3-2: Foul Ball, location: 2F
3-2: Base on Balls
Batting: LHB Zack Guillen 0-0: Ball
1-0: Called Strike
1-1: Ball
2-1: Ball
3-1: Base on Balls
Willis Morales to second
Batting: RHB Juan Figueroa 0-0: Called Strike
0-1: Ball
1-1: Ball
2-1: SINGLE (Groundball, 4MD, EV 100.0 MPH)
Willis Morales to third
Zack Guillen to second
Runner from 3rd tries for Home, SAFE, throw by CF to home
Batting: RHB Yamashita Yagi 0-0: Swinging Strike
0-1: Ball
1-1: Ball
2-1: Ball
3-1: Base on Balls
Zack Guillen to third
Juan Figueroa to second
Batting: LHB Steve Gilliam 0-0: SINGLE (Line Drive, 4M, EV 96.2 MPH)
Zack Guillen scores
Juan Figueroa to third
Yamashita Yagi to second
Runner from 3rd tries for Home, throw by CF and OUT! 8-2
Bottom of the 5th over - 7 runs, 4 hits, 0 errors, 2 left on base; Miami (APP) 2 - Grand Junction 24
TOP OF THE 6TH
Miami (APP) Marlins batting - Pitching for Grand Junction Rockies : RHP Don Boudreau
Pitching: LHP Jared Lummus
Batting: RHB Dale Young 0-0: Reached on error, E6 (Groundball, 56, EV 106.9 MPH)
Batting: RHB Isaiah Brockman 0-0: Called Strike
0-1: Called Strike
Dale Young steals 3rd base (no throw)
0-2: Ball
1-2: SINGLE (Groundball, 56D, EV 103.1 MPH)
Dale Young scores
Batting: LHB Adam Durgin 0-0: Called Strike
0-1: Foul Ball, location: 2F
0-2: Ball
1-2: Foul Ball, location: 2F
1-2: Strikes out swinging
Batting: RHB Larry LeFever 0-0: Ball
1-0: Foul Ball, location: 2F
1-1: Ball
2-1: Swinging Strike
2-2: Grounds into double play, 3-6-3 (Groundball, 3, EV 105.0 MPH)
Top of the 6th over - 1 run, 1 hit, 1 error, 0 left on base; Miami (APP) 3 - Grand Junction 24
BOTTOM OF THE 6TH
Grand Junction Rockies batting - Pitching for Miami (APP) Marlins : RHP Rick Knoblauch
Batting: RHB Henry Alvizo 0-0: Foul Ball, location: 2F
0-1: Ball
1-1: Ball
2-1: Ball
3-1: SOLO HOME RUN (Flyball, 7D, EV 96.2 MPH), Distance : 374 ft
Batting: SHB Bobby Santor 0-0: Foul Ball, location: 2F
0-1: Ball
1-1: Foul Ball, location: 2F
1-2: Ball
2-2: Ball
3-2: Base on Balls
Batting: RHB John Boyer 0-0: Foul Ball, location: 2F
0-1: Foul Ball, location: 2F
0-2: Grounds into double play, 5-4-3 (Groundball, 5, EV 86.2 MPH)
Batting: RHB Ryan Rinaldi 0-0: Ball
1-0: Ball
2-0: Called Strike
2-1: Ground out U3 (Groundball, 3, EV 103.8 MPH)
Bottom of the 6th over - 1 run, 1 hit, 0 errors, 0 left on base; Miami (APP) 3 - Grand Junction 25
TOP OF THE 7TH
Miami (APP) Marlins batting - Pitching for Grand Junction Rockies : LHP Jared Lummus
Batting: LHB Justin Blakely 0-0: Called Strike
0-1: Ball
1-1: Swinging Strike
1-2: Hit by Pitch
Batting: RHB Axel Moltke 0-0: Ball
1-0: Swinging Strike
1-1: Foul Ball, location: 2F
1-2: Foul Ball, location: 2F
1-2: Foul Ball, location: 2F
1-2: Ball
2-2: Ball
Passed Ball!
Justin Blakely to second
3-2: Foul Ball, location: 2F
3-2: Strikes out looking
Pitching: RHP Melvin Pena
Pinch Hitting: LHB Danny Treto 0-0: Ball
1-0: Ball
2-0: Called Strike
2-1: Foul Ball, location: 2F
2-2: SINGLE (Groundball, 6MD, EV 98.8 MPH)
Justin Blakely to third
Batting: RHB Erik Coleman 0-0: SINGLE (Line Drive, 8RM, EV 98.1 MPH)
Justin Blakely scores
Danny Treto to second
Pinch Hitting: RHB Orlando Landa 0-0: Ball
1-0: Foul Ball, location: 2F
1-1: Ball
2-1: Called Strike
2-2: Fly out, F8 (Flyball, 8LD, EV 102.5 MPH)
Batting: RHB Dale Young 0-0: Called Strike
0-1: Foul Ball, location: 2F
0-2: Ball
1-2: Ball
2-2: SINGLE (Line Drive, 78M, EV 106.9 MPH)
Danny Treto to third
Erik Coleman to second
Runner from 3rd tries for Home, SAFE, throw by LF to trailing runner, SAFE at third!
Batting: RHB Isaiah Brockman 0-0: Ball
1-0: Foul Ball, location: 2F
1-1: DOUBLE (Flyball, 78XD, EV 106.9 MPH)
Erik Coleman scores
Dale Young to third
Runner from 3rd tries for Home, SAFE, no throw by CF
Pinch Hitting: RHB Harrie de Kam 0-0: Ball
1-0: Called Strike
1-1: Fly out, F7 (Line Drive, 7, EV 100.6 MPH)
Top of the 7th over - 4 runs, 4 hits, 0 errors, 1 left on base; Miami (APP) 7 - Grand Junction 25
BOTTOM OF THE 7TH
Grand Junction Rockies batting - Pitching for Miami (APP) Marlins : RHP Rick Knoblauch
Pitching: RHP Chris Alft
Now at 1B: Adrian Bocker
Now in CF: Harrie de Kam
Now in RF: Danny Treto
Batting: RHB Willis Morales 0-0: Ball
1-0: Foul Ball, location: 2F
1-1: Ball
2-1: Ball
3-1: Base on Balls
Pinch Hitting: SHB Jeff Sorrels 0-0: Ball
1-0: Called Strike
1-1: Ball
2-1: Foul Ball, location: 2F
2-2: Grounds into double play, 4-6-3 (Groundball, 4, EV 91.2 MPH)
Batting: RHB Juan Figueroa 0-0: Swinging Strike
0-1: Called Strike
0-2: Ball
1-2: Ball
2-2: TRIPLE (Line Drive, 9LD, EV 110.0 MPH)
Batting: RHB Yamashita Yagi 0-0: Called Strike
0-1: Swinging Strike
0-2: Foul Ball, location: 2F
0-2: Ball
1-2: Ball
2-2: Foul Ball, location: 2F
2-2: Foul Ball, location: 2F
2-2: Fly out, F7 (Flyball, 7S, EV 91.2 MPH)
Bottom of the 7th over - 0 runs, 1 hit, 0 errors, 1 left on base; Miami (APP) 7 - Grand Junction 25
TOP OF THE 8TH
Miami (APP) Marlins batting - Pitching for Grand Junction Rockies : RHP Melvin Pena
Now in LF: Elias Urbina
Batting: RHB Larry LeFever 0-0: Called Strike
0-1: Ball
1-1: Foul Ball, location: 2F
1-2: Ball
2-2: Ball
3-2: Fly out, F8 (Flyball, 78S, EV 66.9 MPH)
Batting: LHB Justin Blakely 0-0: Ball
1-0: Ball
2-0: Ball
3-0: Base on Balls
Pitching: RHP Vas Karamyshev
Batting: RHB Axel Moltke 0-0: Ball
Passed Ball!
Justin Blakely to second
1-0: Ball
2-0: Called Strike
2-1: Foul Ball, location: 2F
2-2: Foul Ball, location: 2F
2-2: Ball
3-2: Ground out 4-3 (Groundball, 4, EV 88.8 MPH)
Justin Blakely to third
Pinch Hitting: LHB Emilio Montalvo 0-0: Ball
1-0: Ball
2-0: Foul Ball, location: 2F
2-1: Ball
Passed Ball!
Justin Blakely scores
3-1: DOUBLE (Groundball, 5L, EV 107.5 MPH)
Batting: RHB Erik Coleman 0-0: Ball
1-0: Swinging Strike
1-1: Foul Ball, location: 2F
1-2: Strikes out swinging, 2-3 out at first.
Top of the 8th over - 1 run, 1 hit, 0 errors, 1 left on base; Miami (APP) 8 - Grand Junction 25
BOTTOM OF THE 8TH
Grand Junction Rockies batting - Pitching for Miami (APP) Marlins : RHP Chris Alft
Now in RF: Emilio Montalvo
Batting: LHB Steve Gilliam 0-0: Ball
1-0: Foul Ball, location: 2F
1-1: Ball
2-1: Ball
3-1: Base on Balls
Batting: RHB Henry Alvizo 0-0: Ball
1-0: Ball
2-0: Ball
3-0: Base on Balls
Steve Gilliam to second
Batting: SHB Bobby Santor 0-0: Ball
1-0: Ball
2-0: Called Strike
2-1: Ball
3-1: Base on Balls
Steve Gilliam to third
Henry Alvizo to second
Batting: RHB John Boyer 0-0: Called Strike
0-1: Fielders Choice at 2nd, 5-4 (Groundball, 56, EV 91.2 MPH)
Steve Gilliam scores
Henry Alvizo to third
Batting: RHB Ryan Rinaldi 0-0: Swinging Strike
0-1: Foul Ball, location: 2F
0-2: Fly out, F9 (Flyball, 9LM, EV 95.6 MPH)
Runner from 3rd tags up, SCORES, no throw by RF
Pitching: RHP Hiromitsu Yamada
Batting: RHB Willis Morales 0-0: Ball
1-0: TRIPLE (Flyball, 89XD, EV 100.6 MPH)
John Boyer scores
Batting: RHB Elias Urbina 0-0: Ball
1-0: Ball
Wild Pitch!
Willis Morales scores
2-0: Ball
3-0: Base on Balls
Batting: RHB Juan Figueroa 0-0: Ball
1-0: Foul Ball, location: 2F
1-1: Ball
2-1: Foul Ball, location: 2F
2-2: Ball
3-2: Base on Balls
Elias Urbina to second
Batting: RHB Yamashita Yagi 0-0: DOUBLE (Line Drive, 9LM, EV 110.6 MPH)
Elias Urbina scores
Juan Figueroa to third
Runner from 3rd tries for Home, SAFE, throw by RF to trailing runner, SAFE at third!
Batting: LHB Steve Gilliam 0-0: Called Strike
0-1: Called Strike
0-2: Ball
1-2: Ball
2-2: Ball
3-2: Base on Balls
Batting: RHB Henry Alvizo 0-0: Ball
1-0: Fly out, F7 (Flyball, 78S, EV 86.2 MPH)
Bottom of the 8th over - 6 runs, 2 hits, 0 errors, 2 left on base; Miami (APP) 8 - Grand Junction 31
TOP OF THE 9TH
Miami (APP) Marlins batting - Pitching for Grand Junction Rockies : RHP Vas Karamyshev
Pinch Hitting: RHB Chris Riddick 0-0: Ball
1-0: Ball
2-0: Called Strike
2-1: Fly out, F9 (Flyball, 9S, EV 72.5 MPH)
Batting: RHB Dale Young 0-0: Ball
1-0: Ball
2-0: SINGLE (Line Drive, 7S, EV 111.9 MPH)
Batting: RHB Isaiah Brockman 0-0: Ball
1-0: Ball
2-0: Called Strike
2-1: Foul Ball, location: 2F
2-2: Ball
3-2: Foul Ball, location: 2F
3-2: Foul Ball, location: 2F
3-2: Strikes out looking
Dale Young steals 2nd base (no throw)
Batter strikes out.
Batting: RHB Harrie de Kam 0-0: Ball
1-0: Swinging Strike
1-1: Ball
2-1: Foul Ball, location: 2F
2-2: Ground out 6-3 (Groundball, 6M, EV 86.2 MPH)
Top of the 9th over - 0 runs, 1 hit, 0 errors, 1 left on base; Miami (APP) 8 - Grand Junction 31
Wednesday, June 22nd , 2022 - OOTP Baseball 23.4 Build 64